AoeStats
← Gregol

MegaRandom

509771622Analyzed
2v2 RM · 5d ago on Sep 28, 2026· 50m 10s· 4 players
Game mode
Random Map
Map size
Medium (4 player)
Population
200
Speed
Normal
Resources
Standard
Victory
Conquest
Starting age
Dark Age
Ending age
Imperial Age
RankedLock teamsTeams togetherTeam positionsShared explorationLock speedFull tech treeHidden civsTurbo modeCheats
Victory
Defeat
🇦🇷 Britons · Argentina
1049
+7
🇦🇷 Spanish · Argentina
647
+23
🇺🇸 Teutons · United States
847
-16
🇺🇸 Franks · United States
800
-14
Dio Brando
11:53 Feudal Age
12:18 Horse Collar
13:07 Double-Bit Axe
17:14 Loom
20:45 Castle Age
19:18 Scale Mail Armor
20:54 Gold Mining
21:19 Forging
21:37 Heavy Plow
21:50 Bow Saw
22:26 Chain Mail Armor
21:59 Pikeman
25:00 Squires
26:20 Iron Casting
33:12 Imperial Age
33:35 Arson
34:42 Ballistics
34:57 Plate Mail Armor
35:01 Fletching
36:11 Blast Furnace
36:57 Bodkin Arrow
37:56 Wheelbarrow
44:15 Two-Man Saw
43:49 Hand Cart
43:21 Town Watch
44:22 Stone Mining
44:47 Scale Barding Armor
46:21 Elite Teutonic Knight
47:29 Chain Barding Armor
47:48 Stone Shaft Mining
47:34 Bloodlines
47:09 Cavalier
48:46 Paladin
shosmleg
9:06 Loom
10:53 Feudal Age
12:52 Double-Bit Axe
14:46 Scale Barding Armor
21:46 Castle Age
23:45 Wheelbarrow
23:38 Chain Barding Armor
25:53 Stone Mining
29:34 Husbandry
30:32 Forging
31:11 Bow Saw
31:09 Gold Mining
32:27 Elite Skirmisher
33:10 Padded Archer Armor
38:58 Imperial Age
36:54 Leather Archer Armor
42:06 Town Watch
41:48 Cavalier
43:28 Gold Shaft Mining
45:05 Plate Barding Armor
44:23 Fletching
45:45 Paladin
46:57 Paladin
Gregol
0:50 Loom
12:51 Feudal Age
13:35 Horse Collar
18:36 Double-Bit Axe
21:23 Castle Age
21:43 Wheelbarrow
21:38 Bloodlines
22:18 Heavy Plow
22:51 Husbandry
24:49 Hand Cart
26:51 Pikeman
28:20 Scale Barding Armor
28:16 Scale Mail Armor
29:03 Forging
30:29 Bow Saw
33:47 Iron Casting
33:33 Chain Barding Armor
36:41 Imperial Age
41:56 Elite Conquistador
44:53 Halberdier
46:11 Ballistics
is+
7:37 Loom
11:04 Feudal Age
11:35 Double-Bit Axe
17:46 Castle Age
16:34 Horse Collar
19:14 Bow Saw
20:53 Pikeman
21:31 Town Watch
23:41 Wheelbarrow
23:49 Heavy Plow
24:56 Crossbowman
25:56 Forging
25:47 Scale Mail Armor
27:24 Squires
27:09 Gambesons
32:06 Fletching
35:01 Imperial Age
32:49 Hand Cart
37:04 Bodkin Arrow
36:46 Capped Ram
38:47 Two-Man Saw
37:20 Arbalester
42:21 Bracer
43:33 Ballistics
45:33 Chemistry
44:48 Padded Archer Armor
45:16 Conscription
50:58 Yeomen
Connection lost

Rejoining the realm…

Still unreachable

The connection could not be restored.

Session expired

The server has moved on; the page needs a fresh start.